 Dungeon Crawl Stone Soup version 0.18.1-48-g4cf74bf (webtiles) character file.

1157 Peloso the Covered (level 8, -2/70 HPs)
             Began as a Minotaur Fighter on Aug 24, 2016.
             Was a Believer of Okawaru.
             Slain by a killer bee (7 damage)
             ... on level 5 of the Dungeon.
             The game lasted 00:10:39 (3928 turns).

Peloso the Covered (Minotaur Fighter)               Turns: 3928, Time: 00:10:44

Health: -2/70      AC:  9    Str: 20    XL:     8   Next: 16%
Magic:  7/7        EV: 10    Int:  5    God:    Okawaru [**....]
Gold:   199        SH: 10    Dex: 13    Spells: 0 memorised, 7 levels left

rFire  . . .     SeeInvis .     a - +0 long sword
rCold  . . .     Gourm    .     b - +0 scale mail
rNeg   . . .     Faith    .     c - +0 shield
rPois  .         Spirit   .     (helmet restricted)
rElec  .         Dismiss  .     (no cloak)
rCorr  .         Reflect  .     q - +0 pair of gloves
SustAt .         Harm     .     (no boots)
MR     .....                    (no amulet)
Stlth  ..........               (no ring)
                                (no ring)

@: not resistant to hostile enchantments, extremely unstealthy
A: retaliatory headbutt, horns 2
a: Heroism, Renounce Religion


You were on level 5 of the Dungeon.
You worshipped Okawaru.
Okawaru was pleased with you.
You were not hungry.

You visited 2 branches of the dungeon, and saw 6 of its levels.

You collected 199 gold pieces.

Inventory:

Hand Weapons
 a - a +0 long sword (weapon)
 h - a +0 dagger of flaming
Armour
 b - a +0 scale mail (worn)
 c - a +0 shield (worn)
 q - a +0 pair of gloves (worn)
Wands
 d - a wand of flame (22/48)
Scrolls
 e - 4 scrolls of teleportation {unknown}
 m - 6 scrolls of identify {unknown}
 n - a scroll of fog {unknown}
 o - a scroll of immolation {unknown}
 u - a scroll of random uselessness {unknown}
 v - a scroll of amnesia {unknown}
 w - a scroll of remove curse {unknown}
Potions
 i - a potion of curing
 j - a potion of cure mutation {unknown}
 p - a potion of haste
 r - a potion of degeneration {unknown}
 s - 2 potions of brilliance
 t - a potion of heal wounds {unknown}
Comestibles
 f - 2 bread rations
 g - a beef jerky
 k - 3 fruits
 l - 4 meat rations
 x - 3 chunks of flesh


   Skills:
 + Level 6.1 Fighting
 + Level 4.8 Long Blades
 + Level 6.7 Armour
 + Level 4.7 Dodging
 + Level 0.1 Stealth
 + Level 6.5 Shields


You had 7 spell levels left.
You didn't know any spells.

Dungeon Overview and Level Annotations

Branches:
Dungeon (5/15)             Temple (1/1) D:4

Altars:
Ashenzari
Cheibriados
Dithmenos
Elyvilon
Gozag
Makhleb
Nemelex Xobeh
Okawaru
Pakellas
Ru
Trog
Vehumet
Xom

Annotations:
D:5 Grinder


Innate Abilities, Weirdness & Mutations

You reflexively headbutt those who attack you in melee.
You have a pair of horns on your head.


Message History

You headbutt the killer bee, but do no damage.
The killer bee closely misses you. You furiously retaliate!
You headbutt the killer bee! The killer bee barely misses you.
The killer bee completely misses you. You block the killer bee's attack.
You block the killer bee's attack.
The killer bee stings you but does no damage.
You block the killer bee's attack.
Things that are here:
a dagger; 14 stones The killer bee stings you!
* * * LOW HITPOINT WARNING * * *
You block the killer bee's attack.
You hit the killer bee. Your headbutt misses the killer bee.
The killer bee is lightly wounded.
You block the killer bee's attack. The killer bee stings you.
* * * LOW HITPOINT WARNING * * *
You block the killer bee's attack. The killer bee stings you.
* * * LOW HITPOINT WARNING * * *
The killer bee stings you!
You die...

#######†.###.#.###
#............#.#
#..........###.#
#######..........##..#
.................#..##
............>>......####
........................
#....yy..5....##..##..
#....@yy(.............
#.....y.......##.###..
+.............##.# .
#..#############.# #[.
#...#### #+###. #.##...
......# ##.##.# .......##
#######.....####
........###<........###.<.


You could see Grinder and 5 killer bees.

Vanquished Creatures
  Eustachio (D:5)
  A sky beast (D:5)
  A phantom (D:4)
  2 ogres
  2 scorpions (D:4)
  A killer bee (D:5)
  A crimson imp (D:4)
  A hound (D:4)
  An orc priest (D:5)
  A centaur skeleton (D:4)
  4 iguanas (D:4)
  Ijyb (D:3)
  5 worker ants
  A hound zombie (D:5)
  5 adders
  An ooze (D:2)
  An adder skeleton (D:4)
  3 worms
  A dart slug (D:1)
  3 giant geckos
  9 orcs
  6 bats
  4 giant cockroaches
  8 goblins
  6 hobgoblins
  2 jackals (D:2)
  2 quokkas
  2 ball python skeletons (D:4)
  A giant gecko skeleton (D:4)
  4 giant newts
  10 kobolds
  A quokka skeleton (D:5)
  5 rats (D:1)
97 creatures vanquished.

Notes
Turn   | Place    | Note
--------------------------------------------------------------
     0 | D:1      | Peloso the Minotaur Fighter began the quest for the Orb.
     0 | D:1      | Reached XP level 1. HP: 19/19 MP: 0/0
    84 | D:1      | Reached XP level 2. HP: 23/27 MP: 1/1
   478 | D:1      | Reached XP level 3. HP: 16/33 MP: 2/2
   797 | D:2      | Reached skill level 1 in Dodging
   797 | D:2      | Reached XP level 4. HP: 33/40 MP: 3/3
  1228 | D:3      | Noticed Ijyb
  1238 | D:3      | Killed Ijyb
  1566 | D:3      | Reached XP level 5. HP: 42/46 MP: 4/4
  1897 | D:4      | Found a staircase to the Ecumenical Temple.
  1924 | Temple   | Entered the Ecumenical Temple
  1954 | Temple   | Became a worshipper of Warmaster Okawaru
  2003 | D:4      | Noticed a phantom
  2044 | D:4      | Killed a phantom
  2044 | D:4      | Reached skill level 5 in Armour
  2044 | D:4      | Reached XP level 6. HP: 13/55 MP: 5/5
  2386 | D:4      | Reached * piety under Okawaru
  2386 | D:4      | Reached skill level 5 in Fighting
  2386 | D:4      | Reached skill level 5 in Shields
  2839 | D:4      | Reached XP level 7. HP: 55/61 MP: 6/6
  2844 | D:4      | Found an oddly glowing altar of Pakellas.
  2849 | D:4      | Found a bloodstained altar of Trog.
  2854 | D:4      | Found a radiant altar of Vehumet.
  2894 | D:4      | Found a shimmering altar of Xom.
  2895 | D:4      | Found a burning altar of Makhleb.
  3275 | D:5      | Entered Level 5 of the Dungeon
  3814 | D:5      | Noticed Eustachio
  3827 | D:5      | Reached ** piety under Okawaru
  3849 | D:5      | Killed Eustachio
  3849 | D:5      | Reached XP level 8. HP: 17/70 MP: 7/7
  3906 | D:5      | Noticed Grinder
  3928 | D:5      | Slain by a killer bee

Skill      XL: |  1  2  3  4  5  6  7 |
---------------+----------------------+-----
Armour         | 4 5 6 |  6.7
Shields        | 4 5 6 |  6.5
Fighting       | 4 5 6 |  6.1
Dodging        | 1 2 3 4 |  4.7
Long Blades    | 3 4 |  4.8
Stealth        | |  0.1

Action                   |  1- 3 |  4- 6 |  7- 9 || total
-------------------------+-------+-------+-------++-------
Melee: Long sword        |    90 |   148 |    88 ||   326
       Headbutt          |    12 |    37 |    26 ||    75
  Use: Potion            |       |       |     3 ||     3
  Eat: Chunk             |       |     6 |     3 ||     9
       Fruit             |       |     1 |       ||     1
Armor: Scale mail        |    51 |    42 |    39 ||   132
Dodge: Dodged            |    31 |    38 |    53 ||   122
Block: Shield            |    60 |    68 |    69 ||   197
